Map: Newkirk Precinct TE (Void)

Players

PtitDrogo - Winner!

  • Race: Protoss Protoss
  • Spawn Location: 5:00

HaPe

  • Race: Protoss Protoss
  • Spawn Location: 7:00

Event: IEM XI Katowice - World Championship 2017

VOD

Have the link to the VOD?

Description

Time

  • Played on: Feb. 28, 2017, 9:10 a.m.
  • Length: 9:28

All games in this series

Show
View Real Time Build Order
Export as new Build Order

PtitDrogo Protoss - Winner!

Build Orders:  

Get SALT Encoding   

  12  0:01  Probe (Chrono Boost)  
  13  0:11  Probe (Chrono Boost)  
  14  0:18  Pylon  
  14  0:22  Probe (Chrono Boost)  
  15  0:37  Gateway, Probe (Chrono Boost)  
  15  0:42  Assimilator  
  16  0:47  Probe (Chrono Boost)  
  17  0:58  Probe (Chrono Boost)  
  17  0:59  Assimilator  
  18  1:08  Probe (Chrono Boost)  
  18  1:09  Gateway  
  19  1:19  Probe (Chrono Boost)  
  19  1:24  Cybernetics Core  
  20  1:29  Probe (Chrono Boost)  
  21  1:34  Pylon  
  22  1:40  Probe (Chrono Boost)  
  22  1:50  Warp Gate, Probe (Chrono Boost)  
  23  2:01  Stalker x2  
  27  2:19  Pylon  
  29  2:24  Mothership Core (Chrono Boost)  
  29  2:31  Stalker  
  31  2:37  Stalker  
  31  2:43  Probe (Chrono Boost)  
  34  3:04  Nexus  
  34  3:07  Sentry  
  34  3:11  Probe (Chrono Boost)  
  37  3:22  Robotics Facility  
  37  3:29  Probe (Chrono Boost)  
  37  3:32  Pylon  
  38  3:41  Probe (Chrono Boost)  
  39  3:53  Sentry, Probe (Chrono Boost)  
  39  3:55  Stalker  
  43  4:01  Pylon x2  
  44  4:12  Immortal  
  47  4:23  Sentry  
  49  4:25  Sentry  
  49  4:28  Probe (Chrono Boost)  
  52  4:35  Probe (Chrono Boost)  
  53  4:44  Probe (Chrono Boost)  
  55  4:47  Probe (Chrono Boost)  
  55  4:51  Stalker x2  
  58  4:55  Probe (Chrono Boost)  
  58  4:57  Probe (Chrono Boost)  
  60  5:05  Probe (Chrono Boost)  
  63  5:08  Probe (Chrono Boost)  
  62  5:15  Twilight Council  
  62  5:16  Probe (Chrono Boost), Forge  
  62  5:18  Probe (Chrono Boost)  
  64  5:26  Probe (Chrono Boost)  
  65  5:29  Probe (Chrono Boost)  
  65  5:30  Pylon  
  65  5:31  Assimilator  
  66  5:36  Assimilator  
  66  5:37  Probe (Chrono Boost)  
  66  5:38  Observer  
  66  5:39  Protoss Ground Weapons Level 1, Probe (Chrono Boost)  
  69  5:47  Probe (Chrono Boost)  
  69  5:48  Blink  
  70  5:53  Probe (Chrono Boost)  
  70  5:59  Probe (Chrono Boost)  
  72  6:05  Probe (Chrono Boost)  
  73  6:11  Probe (Chrono Boost)  
  73  6:17  Probe (Chrono Boost)  
  74  6:23  Probe (Chrono Boost)  
  74  6:24  Nexus  
  74  6:25  Pylon  
  75  6:34  Gateway  
  75  6:37  Gateway  
  75  6:38  Gateway  
  75  6:43  Gateway, Sentry x2  
  79  6:48  Immortal  
  79  6:51  Probe (Chrono Boost)  
  79  6:52  Probe (Chrono Boost)  
  79  6:53  Pylon  
  85  7:04  Probe x2 (Chrono Boost)  
  87  7:08  Photon Cannon  
  87  7:10  Photon Cannon  
  87  7:12  Stalker  
  87  7:14  Stalker  
  91  7:31  Immortal  
  91  7:34  Probe x2 (Chrono Boost)  
  97  7:37  Stalker x2  
  97  7:42  Stalker  
  103  7:46  Probe x2 (Chrono Boost)  
  103  7:48  Stalker  
  103  7:49  Stalker  
  109  7:53  Stalker  
  111  8:08  Pylon, Templar Archives  
  111  8:09  Assimilator, Probe (Chrono Boost)  
  111  8:10  Probe (Chrono Boost)  
  111  8:11  Pylon  
  113  8:13  Assimilator  
  113  8:18  Photon Cannon  
  113  8:20  Pylon  
  113  8:23  Immortal  
  119  8:28  Probe x2 (Chrono Boost)  
  119  8:37  Adept x4  
  127  8:53  Stalker x2  
  131  8:58  Pylon, High Templar x2  
  131  8:59  High Templar x2, Pylon  
  131  9:02  Archon x2  
  137  9:14  Archon x2  
  137  9:15  Archon  
  125  9:25  Stalker x2  
Show
View Real Time Build Order
Export as new Build Order

HaPe Protoss 

Build Orders: Phoenix Opening 

Get SALT Encoding   

  12  0:01  Probe (Chrono Boost)  
  13  0:11  Probe (Chrono Boost)  
  14  0:19  Pylon  
  14  0:22  Probe (Chrono Boost)  
  15  0:37  Probe (Chrono Boost)  
  15  0:38  Gateway  
  16  0:43  Assimilator  
  16  0:48  Probe (Chrono Boost)  
  17  0:51  Assimilator  
  17  0:58  Probe (Chrono Boost)  
  18  1:08  Gateway  
  18  1:09  Probe (Chrono Boost)  
  19  1:19  Probe (Chrono Boost)  
  20  1:27  Cybernetics Core  
  20  1:36  Pylon  
  20  1:40  Probe (Chrono Boost)  
  21  1:53  Probe (Chrono Boost)  
  22  2:03  Probe (Chrono Boost), Stalker x2  
  27  2:13  Warp Gate  
  29  2:15  Mothership Core (Chrono Boost)  
  29  2:27  Pylon  
  29  2:36  Stargate  
  29  2:48  Stalker  
  31  2:53  Stalker  
  32  3:00  Probe (Chrono Boost)  
  33  3:16  Pylon  
  33  3:17  Phoenix  
  35  3:39  Phoenix  
  35  3:44  Stalker  
  39  3:55  Nexus  
  39  4:02  Pylon  
  39  4:06  Phoenix  
  42  4:26  Robotics Facility  
  41  4:33  Stalker  
  41  4:34  Stalker  
  45  4:40  Probe (Chrono Boost)  
  46  4:52  Probe (Chrono Boost)  
  47  4:57  Sentry  
  49  5:00  Gateway  
  49  5:02  Phoenix  
  49  5:04  Probe (Chrono Boost)  
  52  5:13  Probe (Chrono Boost)  
  53  5:15  Adept  
  56  5:26  Twilight Council  
  55  5:31  Probe (Chrono Boost)  
  56  5:39  Probe (Chrono Boost)  
  56  5:42  Adept x2  
  61  5:50  Probe (Chrono Boost)  
  61  5:51  Probe (Chrono Boost)  
  61  6:00  Assimilator  
  61  6:01  Assimilator, Probe x2 (Chrono Boost)  
  63  6:08  Pylon  
  63  6:11  Probe (Chrono Boost)  
  64  6:20  Forge  
  64  6:22  Charge  
  64  6:28  Probe x2 (Chrono Boost)  
  66  6:38  Zealot x3  
  72  6:48  Protoss Ground Weapons Level 1  
  72  7:09  Gateway  
  72  7:11  Gateway x2, Photon Cannon  
  72  7:13  Gateway  
  72  7:19  Templar Archives  
  72  7:35  Gateway  
  72  7:38  Photon Cannon  
  72  7:39  Zealot x2  
  76  7:47  Pylon  
  76  8:05  Zealot x3  
  80  8:11  High Templar x2  
  86  8:15  Pylon, Archon  
  86  8:16  Pylon  
  86  8:26  Pylon  
  82  8:35  Zealot x5  
  82  8:36  Zealot  
  88  8:58  Zealot x5  
  78  9:21  Zealot  
  78  9:22  Zealot x4  

Tags
 
Add a new tag
Caveats
  • Supply blocks, unpowered buildings, or Contaminate may cause inaccurate times.
  • Supply counts are checked every 10 seconds.